 Dungeon Crawl Stone Soup version 0.30-a0-949-g53dc5368d7 (webtiles) character file.

Game seed: 6928179361624286651

49 fozzywoppz the Stinger (level 3, -1/21 HPs)
             Began as an Octopode Venom Mage on Mar 27, 2023.
             Succumbed to Sigmund's poison
             ... on level 2 of the Dungeon.
             The game lasted 00:06:52 (1330 turns).

fozzywoppz the Stinger (Octopode Venom Mage)        Turns: 1330, Time: 00:06:53

Health: -1/21      AC:  1    Str:  5 (7)  XL:     3   Next: 77%
Magic:  3/6        EV: 13    Int: 18 (19) God:
Gold:   76         SH:  0    Dex: 10 (12) Spells: 3/6 levels left

rFire   . . .      SeeInvis .    f - staff of conjuration
rCold   . . .      Faith    .    (no shield)
rNeg    . . .      Spirit   .    (helmet restricted)
rPois   .          Reflect  .    (no amulet)
rElec   .          Rampage  .    (no ring)
rCorr   .                        (no ring)
Will    .....                    (no ring)
Stlth   +++                      (no ring)
HPRegen 0.23/turn                (no ring)
MPRegen 0.10/turn                (no ring)
                                 (no ring)
                                 (no ring)

@: lethally poisoned (-1 -> -12)
A: almost no armour, amphibious, 8 rings, camouflage 1, gelatinous body 1,
(nimble swimmer 1), tentacles
a: no special abilities


You were on level 2 of the Dungeon.
You visited 1 branch of the dungeon, and saw 2 of its levels.

You collected 76 gold pieces.

Inventory:

Hand Weapons
 e - a +0 dagger
Missiles
 i - 6 poisoned darts
Magical Staves
 f - a staff of conjuration (weapon)
Scrolls
 b - a scroll of identify {unknown}
 c - a scroll of vulnerability {unknown}
 d - a scroll of summoning {unknown}
Potions
 a - a potion of magic
 g - a potion of cancellation {unknown}
 h - a potion of invisibility {unknown}


   Skills:
 + Level 2.4 Dodging
 + Level 3.4 Stealth
 + Level 2.3 Spellcasting
 + Level 1.7 Transmutations
 + Level 4.1 Poison Magic


You had 3 spell levels left.
You knew the following spells:

 Your Spells              Type           Power      Damage    Failure   Level
a - Sting                 Tmut/Pois      48%        1d5       5%          1
b - Poisonous Vapours     Pois/Air       18%        N/A       11%         2

Your spell library contained the following spells:

 Spells                   Type           Power      Damage    Failure   Level
 Necrotise                Necr           8%         1d4       17%         1
 Mephitic Cloud           Conj/Pois/Air  10%        N/A       30%         3
 Vampiric Draining        Necr           2%         2d6       45%         3
 Olgreb's Toxic Radiance  Pois           17%        N/A       30%         4
 Agony                    Necr           2%         N/A       99%         5


Dungeon Overview and Level Annotations

Branches:
Dungeon (2/15)

Altars:

Annotations:
D:2 Sigmund


Innate Abilities, Weirdness & Mutations

You cannot wear most types of armour.
You are amphibious.
You can wear up to eight rings at the same time.
Your skin changes colour to match your surroundings (Stealth+).
Your rubbery body absorbs attacks. (AC +1, EV +1)
((You are camouflaged when in or above water. (Stealth+)))
You have tentacles for arms and can constrict up to eight enemies at once.


Message History

Memorise Poisonous Vapours, consuming 2 spell levels and leaving 3?
You start memorising the spell.
You continue memorising. x2
You finish memorising.
Spell assigned to 'b'.
Unknown command.
Okay, then.
Sigmund the Dreaded comes into view.
He is wielding a +2 scythe of venom.
Unknown command.
Casting: Sting (safe; 4% risk of failure)
Confirm with . or Enter, or press ? or * to list all spells.
Aiming: Sting (safe; 4% risk of failure)
Press: ? - help, Shift-Dir - straight line, f - Sigmund
Aim: Sigmund, wielding a +2 scythe of venom and wearing a +0 robe (asleep, 100% to hit)
The sting hits Sigmund but does no damage.
Sigmund is poisoned.
Sigmund shouts!
Sigmund points at you and mumbles some strange words.
The magic dart hits you.
Casting: Sting (safe; 4% risk of failure)
Confirm with . or Enter, or press ? or * to list all spells.
Aiming: Poisonous Vapours (safe; 11% risk of failure)
Press: ? - help, Dir - move target, f/p - Sigmund
Aim: Sigmund, wielding a +2 scythe of venom and wearing a +0 robe (lightly wounded, poisoned) Poisonous vapours surround Sigmund!
Sigmund looks even sicker.
Sigmund casts a spell.
Sigmund flickers and vanishes!
Deactivating autopickup; reactivate with Ctrl-A.
Casting: Poisonous Vapours (safe; 11% risk of failure)
Confirm with . or Enter, or press ? or * to list all spells.
You can't see any susceptible monsters within range! (Use Z to cast anyway.)
Something hits you!
Ouch! That really hurt!
* * * LOW HITPOINT WARNING * * *
You are lethally poisoned!
* * * LOW HITPOINT WARNING * * *
You feel very sick.
Unknown command.
It was a potion of degeneration.
There was something very wrong with that liquid.
You feel weakened.
You feel dopey.
You feel clumsy.
You die...

#..........
.#.#.#.#>.##
#.#.#........
............##
###.###.##.......
##!#.# #.###.#.###
#....# #.......#
###.# #####.###
#.@.# ###'## #.#.#
#....## ##.###
#.##..## #...###
##...#...##
+.♣...###...♣.+..<.#
#.)...........#....+
###....>....# #....#
###.....###.....##
##.♣.## .....##


There were no monsters in sight!

Vanquished Creatures
  A dart slug (D:1)
  2 worms
  2 ball pythons
  3 bats
  4 endoplasms (D:1)
  5 giant cockroaches (D:1)
  2 goblins
  2 hobgoblins (D:1)
  6 jackals
  2 kobolds
  A quokka (D:1)
  A frilled lizard (D:1)
  6 rats (D:1)
37 creatures vanquished.

Notes
Turn   | Place    | Note
-------+----------+-------------------------------------------
     0 | D:1      | fozzywoppz the Octopode Venom Mage began the quest for the
                  | Orb.
     0 | D:1      | Reached XP level 1. HP: 11/11 MP: 3/3
     3 | D:1      | Found a runed translucent door.
   305 | D:1      | Reached XP level 2. HP: 13/17 MP: 5/5
   800 | D:1      | Reached skill level 4 in Poison Magic
   800 | D:1      | Reached XP level 3. HP: 18/21 MP: 4/6
  1305 | D:2      | Learned a level 2 spell: Poisonous Vapours
  1325 | D:2      | Noticed Sigmund
  1329 | D:2      | HP: 1/21 [poisoned by Sigmund]
  1330 | D:2      | Succumbed to Sigmund's poison

Illustrated notes

Levels and vault maps discovered:
D:1:      dpeg_arrival_caged_fury, layout_loops_ring
D:2:      layout_loops_corners, roderic_lattice_a, grunt_ministairs_13,
          minivault_4, serial_bayou_ford_a, uniq_sigmund, uniq_terence

Skill      XL: |  1  2 |
---------------+-------+-----
Stealth        | 3 |  3.4
Poison Magic   | 4 |  4.1
Dodging        | |  2.4
Spellcasting   | |  2.3
Transmutations | |  1.7

Action                     || total
---------------------------++-------
  Melee: Unarmed           ||     4
         Dagger            ||    60
         Constrict         ||    19
         Tentacles         ||    15
         Punch             ||     2
   Cast: Sting             ||    39
         Poisonous Vapours ||     1
    Use: Potion            ||     1
 Armour: Skin              ||     4
  Dodge: Dodged            ||    54

Table legend: (Time is in decaauts)
 A = Elapsed time spent in this place.
 B = Non-inter-level travel time spent in this place.
 C = Inter-level travel time spent in this place.
 D = Time resting spent in this place.
 E = Time spent auto-exploring this place.
 F = Levels seen in this place.
 G = Mean time per level.
                   A        B        C        D        E       F      G
               +--------+--------+--------+--------+--------+-----+--------+
         Total |   1328 |   1324 |      4 |     52 |    842 |   2 |  664.0 |
       Dungeon |   1328 |   1324 |      4 |     52 |    842 |   2 |  664.0 |
               +--------+--------+--------+--------+--------+-----+--------+

Top non-repeatable levels by time:
     D:1: 947 daAuts
     D:2: 381 daAuts
